3A
MONROEVILLE YINZERS @ WALLA WALLA WALLEYE
08/21/2042
 
TOP OF THE 1ST
Monroeville Yinzers batting - Pitching for Walla Walla Walleye : RHP Hyeong-ro Park
Pitching: RHP Hyeong-ro Park
Batting: SHB Cristo López 0-0: Called Strike
0-1: Ball
1-1: Foul Ball, location: 2F
1-2: Fly out, F7 (Flyball, 7S, EV 85.6 MPH)
Batting: SHB Chong-hun Cho 0-0: Called Strike
0-1: Ball
1-1: DOUBLE (Line Drive, 9LM, EV 110.0 MPH)
Batting: LHB Gustavo Gonzáles 0-0: Called Strike
0-1: Fly out, F9 (Line Drive, 9, EV 95.6 MPH)
Batting: LHB Rashid Jeltkov 0-0: Hit by Pitch
Batting: RHB Dave Hall 0-0: Ball
Passed Ball!
Chong-hun Cho to third
Rashid Jeltkov to second
1-0: SINGLE (Groundball, 56D, EV 95.6 MPH)
Chong-hun Cho scores
Rashid Jeltkov to third
Throwing error, E7
Rashid Jeltkov scores
Dave Hall to second
Batting: SHB John Clay 0-0: Called Strike
0-1: Ball
1-1: Ground out 4-3 (Groundball, 4, EV 93.1 MPH)
Top of the 1st over - 2 runs, 2 hits, 1 error, 1 left on base; Monroeville 2 - Walla Walla 0
BOTTOM OF THE 1ST
Walla Walla Walleye batting - Pitching for Monroeville Yinzers : RHP Jeremy Harness
Pitching: RHP Jeremy Harness
Batting: RHB Rodrigo Sánchez 0-0: Foul Ball, location: 2F
0-1: Called Strike
0-2: Fly out, F2 (Popup, 23F, EV 88.8 MPH)
Batting: RHB Jorge Pedroso 0-0: Called Strike
0-1: Ball
1-1: Swinging Strike
1-2: Strikes out swinging
Batting: LHB Van Durr 0-0: Called Strike
0-1: Foul Ball, location: 2F
0-2: Foul Ball, location: 2F
0-2: Ball
1-2: Ball
2-2: SOLO HOME RUN (Flyball, 7D, EV 87.5 MPH), Distance : 397 ft
Batting: LHB Cedomil Karadzic 0-0: Ball
1-0: Ball
2-0: Called Strike
2-1: Swinging Strike
2-2: Strikes out swinging
Bottom of the 1st over - 1 run, 1 hit, 0 errors, 0 left on base; Monroeville 2 - Walla Walla 1
TOP OF THE 2ND
Monroeville Yinzers batting - Pitching for Walla Walla Walleye : RHP Hyeong-ro Park
Batting: RHB Donovan Poe 0-0: Called Strike
0-1: Called Strike
0-2: Ball
1-2: Strikes out swinging
Batting: RHB Mike Sackett 0-0: Called Strike
0-1: Ball
1-1: Called Strike
1-2: SINGLE (Groundball, 15, EV 68.1 MPH) (infield hit)
Batting: RHB Drake Riley Jr. 0-0: Ball
1-0: Swinging Strike
1-1: Ball
2-1: Foul Ball, location: 2F
2-2: Foul Ball, location: 2F
2-2: Strikes out swinging
Batting: SHB Cristo López 0-0: Called Strike
0-1: Ball
1-1: Swinging Strike
1-2: Strikes out swinging
Top of the 2nd over - 0 runs, 1 hit, 0 errors, 1 left on base; Monroeville 2 - Walla Walla 1
BOTTOM OF THE 2ND
Walla Walla Walleye batting - Pitching for Monroeville Yinzers : RHP Jeremy Harness
Batting: SHB Víctor Pagueros 0-0: Called Strike
0-1: Ball
1-1: Foul Ball, location: 2F
1-2: Ground out 4-3 (Groundball, 4, EV 98.8 MPH)
Batting: RHB John Paul 0-0: Ball
1-0: SINGLE (Line Drive, 78S, EV 91.9 MPH)
Batting: RHB Sonny Day 0-0: Swinging Strike
0-1: Foul Ball, location: 2F
0-2: Strikes out swinging
Batting: RHB Carlton Martin 0-0: Ground out 4-3 (Groundball, 34D, EV 100.6 MPH)
Bottom of the 2nd over - 0 runs, 1 hit, 0 errors, 1 left on base; Monroeville 2 - Walla Walla 1
TOP OF THE 3RD
Monroeville Yinzers batting - Pitching for Walla Walla Walleye : RHP Hyeong-ro Park
Batting: SHB Chong-hun Cho 0-0: Swinging Strike
0-1: Foul Ball, location: 2F
0-2: Ball
1-2: Strikes out looking
Batting: LHB Gustavo Gonzáles 0-0: Ball
1-0: Foul Ball, location: 2F
1-1: Foul Ball, location: 2F
1-2: Ball
2-2: Strikes out swinging
Batting: LHB Rashid Jeltkov 0-0: Foul Ball, location: 2F
0-1: Swinging Strike
0-2: Ground out 4-3 (Groundball, 4, EV 103.1 MPH)
Top of the 3rd over - 0 runs, 0 hits, 0 errors, 0 left on base; Monroeville 2 - Walla Walla 1
BOTTOM OF THE 3RD
Walla Walla Walleye batting - Pitching for Monroeville Yinzers : RHP Jeremy Harness
Batting: LHB Nukie Libiran 0-0: Ball
1-0: Ball
2-0: Foul Ball, location: 2F
2-1: Ball
3-1: DOUBLE (Flyball, 8LXD, EV 95.6 MPH)
Batting: RHB Rodrigo Sánchez 0-0: 2-RUN HOME RUN (Flyball, 7LD, EV 106.2 MPH), Distance : 352 ft
Batting: RHB Jorge Pedroso 0-0: Called Strike
0-1: Ball
1-1: Ball
2-1: Called Strike
2-2: Foul Ball, location: 2F
2-2: Ball
3-2: Foul Ball, location: 2F
3-2: Base on Balls
Batting: LHB Van Durr 0-0: Ball
1-0: Ball
2-0: Ball
3-0: Base on Balls
Jorge Pedroso to second
Batting: LHB Cedomil Karadzic 0-0: Ball
1-0: Grounds into double play, 5-4-3 (Groundball, 56, EV 101.9 MPH)
Jorge Pedroso to third
Batting: SHB Víctor Pagueros 0-0: Called Strike
0-1: Ball
1-1: Foul Ball, location: 2F
1-2: Ball
2-2: Ball
3-2: Strikes out looking
Bottom of the 3rd over - 2 runs, 2 hits, 0 errors, 1 left on base; Monroeville 2 - Walla Walla 3
TOP OF THE 4TH
Monroeville Yinzers batting - Pitching for Walla Walla Walleye : RHP Hyeong-ro Park
Batting: RHB Dave Hall 0-0: Ball
1-0: Called Strike
1-1: Foul Ball, location: 2F
1-2: Ball
2-2: Fly out, F8 (Flyball, 89M, EV 90.0 MPH)
Batting: SHB John Clay 0-0: Called Strike
0-1: SINGLE (Line Drive, 7LS, EV 97.5 MPH)
Batting: RHB Donovan Poe 0-0: Called Strike
0-1: Ball
1-1: Ball
2-1: Called Strike
John Clay steals 2nd base
2-2: Ground out U3 (Groundball, 3, EV 106.9 MPH)
John Clay to third
Batting: RHB Mike Sackett 0-0: Called Strike
0-1: Ball
1-1: Ball
2-1: Swinging Strike
2-2: Foul Ball, location: 2F
2-2: Foul Ball, location: 2F
2-2: Strikes out swinging
Top of the 4th over - 0 runs, 1 hit, 0 errors, 1 left on base; Monroeville 2 - Walla Walla 3
BOTTOM OF THE 4TH
Walla Walla Walleye batting - Pitching for Monroeville Yinzers : RHP Jeremy Harness
Batting: RHB John Paul 0-0: Ground out 4-3 (Groundball, 4, EV 105.6 MPH)
Batting: RHB Sonny Day 0-0: Called Strike
0-1: Fly out, F9 (Line Drive, 9, EV 93.8 MPH)
Batting: RHB Carlton Martin 0-0: Ball
1-0: Swinging Strike
1-1: Called Strike
1-2: Ball
2-2: Ball
3-2: Base on Balls
Batting: LHB Nukie Libiran 0-0: Ball
1-0: Ball
2-0: Fly out, F7 (Flyball, 78S, EV 75.6 MPH)
Bottom of the 4th over - 0 runs, 0 hits, 0 errors, 1 left on base; Monroeville 2 - Walla Walla 3
TOP OF THE 5TH
Monroeville Yinzers batting - Pitching for Walla Walla Walleye : RHP Hyeong-ro Park
Batting: RHB Drake Riley Jr. 0-0: Ball
1-0: Called Strike
1-1: Called Strike
1-2: Foul Ball, location: 2F
1-2: Ball
2-2: Fly out, F8 (Flyball, 8RM, EV 82.5 MPH)
Batting: SHB Cristo López 0-0: Ball
1-0: Called Strike
1-1: Swinging Strike
1-2: Strikes out swinging
Batting: SHB Chong-hun Cho 0-0: Swinging Strike
0-1: Foul Ball, location: 2F
0-2: Ball
1-2: Fly out, F5 (Popup, 5S, EV 82.5 MPH)
Top of the 5th over - 0 runs, 0 hits, 0 errors, 0 left on base; Monroeville 2 - Walla Walla 3
BOTTOM OF THE 5TH
Walla Walla Walleye batting - Pitching for Monroeville Yinzers : RHP Jeremy Harness
Batting: RHB Rodrigo Sánchez 0-0: SINGLE (Groundball, 15S, EV 72.5 MPH) (infield hit)
Batting: RHB Jorge Pedroso 0-0: Ball
1-0: Called Strike
1-1: Ball
2-1: Called Strike
2-2: Ball
3-2: Foul Ball, location: 2F
3-2: Strikes out swinging
Batting: LHB Van Durr 0-0: Foul Ball, location: 2F
0-1: Ball
1-1: Foul Ball, location: 2F
1-2: Ball
2-2: Fly out, F8 (Line Drive, 8RM, EV 96.2 MPH)
Batting: LHB Cedomil Karadzic 0-0: Swinging Strike
0-1: Foul Ball, location: 2F
0-2: DOUBLE (Flyball, 8LD, EV 89.4 MPH)
Rodrigo Sánchez to third
Runner from 3rd tries for Home, SAFE, throw by CF to home
Batting: SHB Víctor Pagueros 0-0: Ball
1-0: Reached on error, E4 (Groundball, 4, EV 83.1 MPH)
Cedomil Karadzic scores
Batting: RHB John Paul 0-0: Ground out 3-1 (Groundball, 34, EV 98.1 MPH)
Bottom of the 5th over - 2 runs, 2 hits, 1 error, 1 left on base; Monroeville 2 - Walla Walla 5
TOP OF THE 6TH
Monroeville Yinzers batting - Pitching for Walla Walla Walleye : RHP Hyeong-ro Park
Batting: LHB Gustavo Gonzáles 0-0: Ball
1-0: Called Strike
1-1: Foul Ball, location: 2F
1-2: Strikes out swinging
Batting: LHB Rashid Jeltkov 0-0: Ball
1-0: Ball
2-0: Called Strike
2-1: Ball
3-1: Base on Balls
Batting: RHB Dave Hall 0-0: Ball
1-0: Swinging Strike
1-1: Ball
2-1: SINGLE (Groundball, 3S, EV 87.5 MPH) (infield hit)
Rashid Jeltkov to second
Batting: SHB John Clay 0-0: Called Strike
0-1: Foul Ball, location: 2F
0-2: Ball
1-2: Strikes out swinging
Batting: RHB Donovan Poe 0-0: Ball
1-0: Swinging Strike
1-1: Swinging Strike
1-2: Foul Ball, location: 2F
1-2: Strikes out swinging
Top of the 6th over - 0 runs, 1 hit, 0 errors, 2 left on base; Monroeville 2 - Walla Walla 5
BOTTOM OF THE 6TH
Walla Walla Walleye batting - Pitching for Monroeville Yinzers : RHP Jeremy Harness
Batting: RHB Sonny Day 0-0: Called Strike
0-1: Called Strike
0-2: Strikes out swinging, 2-3 out at first.
Batting: RHB Carlton Martin 0-0: Called Strike
0-1: SINGLE (Flyball, 89M, EV 92.5 MPH)
Pitching: RHP Rob Lee
Batting: LHB Nukie Libiran 0-0: Foul Ball, location: 2F
0-1: Ball
1-1: Swinging Strike
1-2: Strikes out swinging
Batting: RHB Rodrigo Sánchez 0-0: Ball
1-0: Swinging Strike
1-1: Swinging Strike
1-2: Foul Ball, location: 2F
1-2: Foul Ball, location: 2F
1-2: SINGLE (Groundball, 4MD, EV 105.0 MPH)
Carlton Martin to second
Runner from 2nd tries for 3rd, SAFE, throw by CF made to third
Batting: RHB Jorge Pedroso 0-0: Ball
1-0: Ball
2-0: Fly out, F9 (Line Drive, 9, EV 92.5 MPH)
Bottom of the 6th over - 0 runs, 2 hits, 0 errors, 2 left on base; Monroeville 2 - Walla Walla 5
TOP OF THE 7TH
Monroeville Yinzers batting - Pitching for Walla Walla Walleye : RHP Hyeong-ro Park
Pitching: RHP Yuri Antonissen
Batting: RHB Mike Sackett 0-0: Called Strike
0-1: Fly out, F4 (Line Drive, 4, EV 70.0 MPH)
Batting: RHB Drake Riley Jr. 0-0: Swinging Strike
0-1: Ground out 3-1 (Groundball, 34, EV 94.4 MPH)
Batting: SHB Cristo López 0-0: Fly out, F7 (Line Drive, 7, EV 95.6 MPH)
Top of the 7th over - 0 runs, 0 hits, 0 errors, 0 left on base; Monroeville 2 - Walla Walla 5
BOTTOM OF THE 7TH
Walla Walla Walleye batting - Pitching for Monroeville Yinzers : RHP Rob Lee
Batting: LHB Van Durr 0-0: Ball
1-0: Ball
2-0: Fly out, F8 (Flyball, 8RXD, EV 85.0 MPH)
Pitching: RHP Jeff Haley
Batting: LHB Cedomil Karadzic 0-0: Ball
1-0: Ball
2-0: Ball
3-0: Called Strike
3-1: Base on Balls
Pitching: LHP Jasper In de Boomgaert
Batting: SHB Víctor Pagueros 0-0: Ground out 3-1 (Groundball, 34, EV 89.4 MPH)
Cedomil Karadzic to second
Batting: RHB John Paul 0-0: SINGLE (Flyball, 8RS, EV 100.6 MPH)
Cedomil Karadzic to third
Runner from 3rd tries for Home, SAFE, throw by CF to home
Batting: RHB Sonny Day 0-0: Swinging Strike
0-1: Swinging Strike
0-2: Ball
1-2: Ball
2-2: Foul Ball, location: 2F
2-2: Ground out 6-3 (Groundball, 56D, EV 107.5 MPH)
Bottom of the 7th over - 1 run, 1 hit, 0 errors, 1 left on base; Monroeville 2 - Walla Walla 6
TOP OF THE 8TH
Monroeville Yinzers batting - Pitching for Walla Walla Walleye : RHP Yuri Antonissen
Batting: SHB Chong-hun Cho 0-0: Called Strike
0-1: Foul Ball, location: 2F
0-2: Foul Ball, location: 2F
0-2: Ball
1-2: DOUBLE (Flyball, 78D, EV 88.8 MPH)
Batting: LHB Gustavo Gonzáles 0-0: Foul Ball, location: 2F
0-1: Foul Ball, location: 2F
0-2: Strikes out looking
Batting: LHB Rashid Jeltkov 0-0: Called Strike
0-1: Swinging Strike
0-2: Foul Ball, location: 2F
0-2: Foul Ball, location: 2F
0-2: DOUBLE (Line Drive, 78D, EV 113.8 MPH)
Chong-hun Cho scores
Batting: RHB Dave Hall 0-0: Fly out, F4 (Popup, 4, EV 77.5 MPH)
Batting: SHB John Clay 0-0: SINGLE (Flyball, 9LS, EV 92.5 MPH)
Rashid Jeltkov to third
Runner from 3rd tries for Home, SAFE, no throw by RF
Batting: RHB Donovan Poe 0-0: Ball
1-0: SINGLE (Line Drive, 7S, EV 108.8 MPH)
John Clay to second
Pinch Hitting: RHB Rubén Camacho 0-0: Ground out 4-3 (Groundball, 4, EV 89.4 MPH)
Top of the 8th over - 2 runs, 4 hits, 0 errors, 2 left on base; Monroeville 4 - Walla Walla 6
BOTTOM OF THE 8TH
Walla Walla Walleye batting - Pitching for Monroeville Yinzers : LHP Jasper In de Boomgaert
Now at 2B: Jackson Duffy
Batting: RHB Carlton Martin 0-0: Swinging Strike
0-1: Ball
1-1: Ball
2-1: Swinging Strike
2-2: Strikes out looking
Batting: LHB Nukie Libiran 0-0: Ball
1-0: Called Strike
1-1: Called Strike
1-2: Foul Ball, location: 2F
1-2: Ball
2-2: Ball
3-2: Foul Ball, location: 2F
3-2: Strikes out swinging
Pitching: RHP Carlos Guerrero
Batting: RHB Rodrigo Sánchez 0-0: Foul Ball, location: 2F
0-1: Fly out, F9 (Flyball, 89M, EV 78.8 MPH)
Bottom of the 8th over - 0 runs, 0 hits, 0 errors, 0 left on base; Monroeville 4 - Walla Walla 6
TOP OF THE 9TH
Monroeville Yinzers batting - Pitching for Walla Walla Walleye : RHP Yuri Antonissen
Now at 3B: Joong Chuang
Now in LF: Raúl Galindo
Batting: RHB Drake Riley Jr. 0-0: Ball
1-0: DOUBLE (Line Drive, 3D, EV 108.8 MPH)
Pitching: RHP Özkan Nedim
Batting: SHB Cristo López 0-0: Called Strike
0-1: Ground out 6-3 (Groundball, 6M, EV 83.8 MPH)
Drake Riley Jr. to third
Batting: SHB Chong-hun Cho 0-0: Ball
1-0: Ball
2-0: Called Strike
2-1: Swinging Strike
2-2: Strikes out looking
Batting: LHB Gustavo Gonzáles 0-0: Ball
1-0: Swinging Strike
1-1: Swinging Strike
1-2: Ball
2-2: Strikes out swinging
Top of the 9th over - 0 runs, 1 hit, 0 errors, 1 left on base; Monroeville 4 - Walla Walla 6
Friday, March 26th, 2021 - OOTP Baseball 20.8 Build 74